 Dungeon Crawl Stone Soup version 0.30-a0-29-g142975f185 (webtiles) character file.

Game seed: 5363348150272851967

30550 Shayle the Jinx (level 13, -22/100 (101) HPs)
             Began as a Vampire Enchanter on Aug 26, 2022.
             Was an Initiate of Gozag.
             Killed from afar by an ancient lich (27 damage)
             ... with a crystal spear
             ... while petrified by an ancient lich
             ... on level 2 of the Abyss.
             The game lasted 00:52:26 (11346 turns).

Shayle the Jinx (Vampire Enchanter)                Turns: 11346, Time: 00:52:26

HP:   -22/100 (101) AC: 18    Str: 11    XL:     13   Next: 21%
MP:   25/25         EV:  2    Int: 23    God:    Gozag
Gold: 330           SH:  0    Dex: 17    Spells: 17/28 levels left

rFire   + . .      SeeInvis +    z - +8 dagger of the Equator {speed, Int+3}
rCold   . . .      Faith    .    q - orb {guile}
rNeg    + + +      Spirit   .    I - +10 scale mail of the Thieving Scars {Str+4 Slay+4}
rPois   ∞          Reflect  .    o - +0 helmet
rElec   .          Harm     .    H - +0 cloak
rCorr   .          Rampage  .    (no gloves)
Will    .....                    j - +0 pair of boots
Stlth   +++.......               (no amulet)
HPRegen 0.46/turn                h - ring of protection from fire
MPRegen 0.19/turn                x - +4 ring of evasion

@: mighty, agile, petrified, corroded, healing quickly, hasted, lightly drained
A: alive, fangs 3, see invisible, vampiric 2, strong-willed 1, evolution 1
a: Exsanguinate, Renounce Religion, Potion Petition, Call Merchant, Bribe Branch


You were on level 2 of the Abyss.
You worshipped Gozag.
Gozag was aware of your devotion.
You visited 2 branches of the dungeon, and saw 11 of its levels.
You visited the Abyss 1 time.
You also visited: Bailey.

You collected 2720 gold pieces.
You spent 108 gold pieces at shops.
You paid 2282 gold pieces to Gozag.

Inventory:

Hand Weapons
 a - a +2 dagger
 i - a +0 war axe
 z - the +8 dagger of the Equator (weapon) {speed, Int+3}
   (You found it on level 3 of the Dungeon)

   Attacks with this weapon are significantly faster.
   Int:       It affects your intelligence (+3).
 S - a +2 rapier of draining
 T - a +0 vampiric whip
Missiles
 M - a curare-tipped dart (quivered)
 W - a throwing net
Armour
 b - a +0 robe
 j - a +0 pair of boots (worn)
 k - a +2 robe of cold resistance
 o - a +0 helmet (worn)
 q - an orb of guile (worn)
 y - a +3 leather armour
 H - a +0 cloak (worn)
 I - the +10 scale mail of the Thieving Scars (worn) {Str+4 Slay+4}
   (You found it on level 4 of the Dungeon)

   Str:       It affects your strength (+4).
   Slay:      It affects your accuracy & damage with ranged weapons and melee
   (+4).
 R - a +2 leather armour of cold resistance
 U - a +0 pair of gloves
 V - a +2 leather armour of poison resistance
Jewellery
 h - a ring of protection from fire (left hand)
 t - a ring of wizardry
 x - a +4 ring of evasion (right hand)
 E - a ring of positive energy
Wands
 s - a wand of charming (16)
 A - a wand of flame (8)
 L - a wand of iceblast (17)
 O - a wand of mindburst (21)
Scrolls
 d - 3 scrolls of teleportation
 r - a scroll of fog
 u - 7 scrolls of fear
 v - 3 scrolls of identify
 w - 2 scrolls of enchant weapon
 C - 3 scrolls of noise
 D - a scroll of amnesia
 J - a scroll of vulnerability
 N - a scroll of enchant armour
 Q - a scroll of blinking
Potions
 c - 2 potions of invisibility
 e - 2 potions of cancellation
 f - 2 potions of flight
 g - 4 potions of brilliance
 l - a potion of mutation
 n - 8 potions of curing
 p - a potion of ambrosia
 B - a potion of lignification
 F - 2 potions of heal wounds
 G - a potion of magic
 K - a potion of attraction
 P - a potion of haste


   Skills:
 + Level 9.5 Fighting
 - Level 10.0 Short Blades
 + Level 8.1 Armour
 - Level 5.8 Dodging
 + Level 8.0 Stealth
 - Level 8.2 Spellcasting
 + Level 2.8 Conjurations
 - Level 14.0 Hexes
 + Level 3.8 Ice Magic


You had 17 spell levels left.
You knew the following spells:

 Your Spells              Type           Power      Damage    Failure   Level
a - Ensorcelled Hibernat  Hex/Ice        100%       N/A       1%          2
b - Confusing Touch       Hex            65%        N/A       1%          3
c - Tukima's Dance        Hex            65%        N/A       1%          3
d - Dazzling Flash        Conj/Hex       96%        N/A       2%          3

Your spell library contained the following spells:

 Spells                   Type           Power      Damage    Failure   Level
 Magic Dart               Conj           88%        1d7       10%         1
 Metabolic Englaciation   Hex/Ice        25%        N/A       22%         5
 Apportation              Tloc           18%        N/A       30%         1
 Blink                    Tloc           18%        N/A       43%         2
 Call Imp                 Summ           9%         N/A       43%         2
 Poisonous Vapours        Pois/Air       18%        N/A       43%         2
 Yara's Violent Unravell  Hex/Tmut       20%        3d9       43%         5
 Conjure Flame            Conj/Fire      16%        6-21      45%         3
 Mephitic Cloud           Conj/Pois/Air  13%        N/A       52%         3
 Enfeeble                 Hex            32%        N/A       63%         7
 Ignite Poison            Fire/Tmut/Pois 9%         N/A       67%         3
 Sticky Flame             Conj/Fire      16%        2d4       86%         4
 Petrify                  Tmut/Erth      9%         N/A       97%         4
 Alistair's Intoxication  Tmut/Pois      6%         N/A       100%        5
 Manifold Assault         Tloc           9%         N/A       100%        5
 Statue Form              Tmut/Erth      6%         N/A       100%        6
 Storm Form               Tmut/Air       4%         N/A       100%        7
 Corpse Rot               Necr/Pois/Air  Unusable   N/A       N/A         4

Dungeon Overview and Level Annotations

Branches:
Dungeon (10/15)            Temple (1/1) D:5            Lair (0/5) D:10
    Orc (0/2) D:9          Bailey (visited)

Altars:
Ashenzari
Cheibriados
Dithmenos
Fedhas
Gozag
Hepliaklqana
Kikubaaqudgha
Makhleb
Nemelex Xobeh
Okawaru
Ru
Sif Muna
Trog
Uskayaw
Vehumet
Wu Jian
Xom
Yredelemnul

Shops:
D:3 ?


Innate Abilities, Weirdness & Mutations

Your natural rate of healing is accelerated.
You have razor-sharp teeth.
You have supernaturally acute eyesight. (SInv)
You are afflicted with vampirism and can become a bat while bloodless.
You are strong-willed. (Will+)
You have hidden genetic potential.


Message History

The ancient lich touches you but does no damage. x2
The chaos spawn completely misses you.
Your limbs are stiffening.
Unknown command.
You hit the ancient lich. Your bite misses the ancient lich.
The ancient lich is lightly damaged.
The ancient lich barely misses you. The chaos spawn closely misses you.
Unknown command.
You hit the ancient lich but do no damage.
The ancient lich is lightly damaged.
The ancient lich barely misses you.
You closely miss the ancient lich.
The ancient lich is lightly damaged.
The chaos spawn completely misses you.
You have turned to stone.
The ancient lich touches you but does no damage. x2
The chaos spawn gores you! The chaos spawn shocks you!
The ancient lich touches you but does no damage.
The chaos spawn hits you but does no damage.
The ancient lich touches you but does no damage.
The ancient lich gestures at you while chanting.
The crystal spear hits you!!
The chaos spawn hits you but does no damage.
The ancient lich touches you but does no damage.
The chaos spawn hits you!
You feel yourself speed up.
The ancient lich gestures at you while chanting.
The crystal spear hits you!!!!
* * * LOW HITPOINT WARNING * * *
The ancient lich touches you but does no damage.
The chaos spawn gores you.
* * * LOW HITPOINT WARNING * * *
The chaos spawn shocks you!
* * * LOW HITPOINT WARNING * * *
The ancient lich casts a spell at you. The bolt of acid hits you!!
* * * LOW HITPOINT WARNING * * *
The acid corrodes you!
The chaos spawn gores you but does no damage.
The ancient lich gestures at you while chanting.
The crystal spear hits you!!!
You die...
Your body crumbles into a pile of gold.

## . .#..## .#
### ##. .###
...# . .#. ...
#... . .## #...
. . ... # # .#
.........#.#.##
.. ....#.### #
... #......# .
#. ##4@#
4.#..L$#
...#.#..#..
#.###.#...## ..
...##... ..
..##. #. .# ..


You could see an ancient lich (fast, invisible) and a chaos spawn.

Vanquished Creatures
  A bone dragon (Abyss:2)
  An angel (Abyss:2)
  A centaur warrior (D:10)
  A two-headed ogre (D:6)
  An orc high priest (Bailey)
  A thrashing horror (Abyss:2)
  6 large abominations (Abyss:2)
  Amaemon (D:10)
  A shadow wraith (Abyss:2)
  A spatial maelstrom (Abyss:2)
  A flayed ghost (Abyss:2)
  2 wizards
  An orc knight (Bailey)
  A bunyip skeleton (Abyss:2)
  A tengu skeleton (Abyss:2)
  A will-o-the-wisp (Abyss:2)
  An orc sorcerer (Bailey)
  2 worldbinders (Abyss:2)
  Joseph (D:9)
  An apocalypse crab (Abyss:2)
  2 orange demons
  2 smoke demons (Abyss:2)
  Psyche (D:8)
  An ancient zyme (Abyss:2)
  A hornet (D:9)
  8 raiju (Abyss:2)
  A shadow (D:9)
  A centaur simulacrum (Abyss:2)
  A wyvern (D:9)
  A yak (shapeshifter) (Abyss:2)
  Sigmund (D:2)
  4 yaks (D:10)
  A wraith (D:10)
  A golden eye (Abyss:2)
  3 neqoxecs (Abyss:2)
  2 steam dragons
  2 small abominations (Abyss:2)
  Edmund (D:6)
  Menkaure (D:7)
  A water moccasin (D:5)
  Duvessa (D:5)
  An ice beast (D:5)
  15 orc warriors
  4 black bears
  2 centaurs (D:9)
  2 phantoms (D:4)
  4 kobold brigands
  4 bullfrogs
  A necrophage (D:4)
  2 gnoll sergeants
  3 wights (D:8)
  Dowan (D:5)
  A howler monkey (D:4)
  4 electric eels (Bailey)
  4 crimson imps (D:8)
  3 starcursed masses (Abyss:2)
  Crazy Yiuf (D:3)
  A jelly (D:5)
  6 orc priests
  2 gnoll boudas
  A hound (D:7)
  Terence (D:3)
  4 iguanas
  9 orc wizards
  Robin (D:1)
  18 gnolls
  8 adders
  2 shadow imps
  4 white imps (D:8)
  An ufetubus (D:7)
  A worm (D:3)
  A dart slug (D:1)
  46 orcs
  9 endoplasms
  A giant cockroach (D:1)
  20 goblins
  19 hobgoblins
  4 jackals (D:3)
  2 quokkas (D:1)
  8 ball pythons
  5 bats
  5 frilled lizards
  23 kobolds
  3 rats (D:1)
321 creatures vanquished.

Vanquished Creatures (collateral kills)
  A phantom (D:5)
  An orc (D:5)
2 creatures vanquished.

Vanquished Creatures (others)
  An orc (D:6)
  2 foxfires (Abyss:2)
  2 starspawn tentacles (Abyss:2)
5 creatures vanquished.

Grand Total: 328 creatures vanquished

Notes
Turn   | Place    | Note
-------+----------+-------------------------------------------
     0 | D:1      | Shayle the Vampire Enchanter began the quest for the Orb.
     0 | D:1      | Reached XP level 1. HP: 13/13 MP: 3/3
   101 | D:1      | Found a faded altar of an unknown god.
   149 | D:1      | Reached XP level 2. HP: 13/19 MP: 5/5
   174 | D:1      | Learned a level 2 spell: Ensorcelled Hibernation
   707 | D:1      | Gained mutation: You are afflicted with vampirism and can
                  | become a bat while bloodless. [Vampire growth]
   707 | D:1      | Reached XP level 3. HP: 22/25 MP: 6/6
  1047 | D:2      | Reached skill level 1 in Fighting
  1281 | D:2      | Noticed Robin
  1311 | D:1      | Reached skill level 5 in Hexes
  1400 | D:1      | Reached skill level 5 in Stealth
  1635 | D:1      | Killed Robin
  1636 | D:1      | Reached XP level 4. HP: 32/32 MP: 4/7
  1742 | D:2      | Noticed Sigmund
  1748 | D:2      | Killed Sigmund
  1749 | D:2      | Reached XP level 5. HP: 38/38 MP: 7/9
  2260 | D:3      | Reached XP level 6. HP: 44/44 MP: 10/10
  2340 | D:3      | Identified the +8 dagger of the Equator {speed, Int+3}
  2346 | D:3      | Noticed Terence
  2350 | D:3      | Killed Terence
  2459 | D:3      | Found Zadisan's Magic Scroll Emporium.
  2462 | D:3      | Bought a scroll of noise for 12 gold pieces
  2462 | D:3      | Bought a scroll of amnesia for 48 gold pieces
  2462 | D:3      | Bought a scroll of fear for 48 gold pieces
  2724 | D:4      | Reached skill level 6 in Hexes
  3352 | D:3      | Found a runed translucent door.
  3353 | D:3      | Noticed Crazy Yiuf
  3361 | D:3      | Killed Crazy Yiuf
  3362 | D:3      | Reached XP level 7. HP: 51/51 MP: 8/12
  3766 | D:4      | Learned a level 3 spell: Confusing Touch
  3808 | D:4      | Identified the +10 scale mail of the Thieving Scars {Str+4
                  | Slay+4}
  4076 | D:5      | Entered Level 5 of the Dungeon
  4151 | D:5      | Reached skill level 1 in Armour
  4151 | D:5      | Reached skill level 7 in Hexes
  4175 | D:5      | Reached XP level 8. HP: 41/58 MP: 12/14
  4244 | D:5      | Found a staircase to the Ecumenical Temple.
  4255 | Temple   | Entered the Ecumenical Temple
  4315 | Temple   | Became a worshipper of Gozag Ym Sagoz the Greedy
  4709 | D:5      | Noticed Duvessa
  4713 | D:5      | Noticed Dowan
  4714 | D:5      | Reached skill level 5 in Short Blades
  4719 | D:5      | Killed Duvessa
  4720 | D:5      | Reached skill level 8 in Hexes
  4724 | D:5      | Killed Dowan
  4931 | D:5      | Learned a level 3 spell: Tukima's Dance
  4935 | D:5      | Learned a level 3 spell: Dazzling Flash
  5005 | D:6      | Noticed a two-headed ogre
  5011 | D:6      | Killed a two-headed ogre
  5012 | D:6      | Reached skill level 5 in Spellcasting
  5012 | D:6      | Reached XP level 9. HP: 66/66 MP: 9/16
  5087 | D:6      | Found a shimmering altar of Xom.
  5453 | D:6      | Noticed Edmund
  5468 | D:6      | Killed Edmund
  5469 | D:6      | Reached skill level 9 in Hexes
  5941 | D:7      | Noticed Menkaure
  5950 | D:7      | Killed Menkaure
  5951 | D:7      | Reached skill level 5 in Fighting
  6339 | D:7      | Found an iron altar of Okawaru.
  6561 | D:8      | Found a flagged portal.
  6570 | Bailey   | Entered a bailey
  6786 | Bailey   | Reached skill level 10 in Hexes
  6805 | Bailey   | Reached XP level 10. HP: 74/74 MP: 6/19
  7078 | Bailey   | Noticed an orc sorcerer
  7084 | Bailey   | Killed an orc sorcerer
  7095 | Bailey   | Noticed an orc knight
  7102 | Bailey   | Killed an orc knight
  7354 | Bailey   | Found an iron altar of Okawaru.
  7354 | Bailey   | Noticed an orc high priest
  7356 | Bailey   | Noticed an orange demon
  7356 | Bailey   | Noticed a rust devil
  7385 | Bailey   | Killed an orc high priest
  7386 | Bailey   | Reached skill level 5 in Armour
  7387 | Bailey   | Reached skill level 11 in Hexes
  7583 | D:8      | Reached skill level 5 in Dodging
  7583 | D:8      | Reached skill level 12 in Hexes
  7583 | D:8      | Reached XP level 11. HP: 84/84 MP: 21/21
  7584 | D:8      | Acquired 680 gold pieces
  7713 | D:8      | Noticed Psyche
  7716 | D:8      | Killed Psyche
  7976 | D:8      | Found a bloodstained altar of Trog.
  8101 | D:8      | Found a shimmering blue altar of Sif Muna.
  8925 | D:9      | Reached skill level 10 in Short Blades
  9025 | D:9      | Noticed Joseph
  9036 | D:9      | Killed Joseph
  9105 | D:9      | Found a staircase to the Orcish Mines.
  9329 | D:10     | Entered Level 10 of the Dungeon
  9480 | D:10     | Found a radiant altar of Vehumet.
  9482 | D:10     | Found a shadowy altar of Dithmenos.
  9505 | D:10     | Noticed a centaur warrior
  9509 | D:10     | Noticed Amaemon
  9513 | D:10     | Killed a centaur warrior
  9514 | D:10     | Reached XP level 12. HP: 53/92 MP: 12/23
  9522 | D:10     | Killed Amaemon
  9523 | D:10     | Reached skill level 13 in Hexes
  9695 | D:10     | Found a staircase to the Lair.
 10121 | Abyss:2  | Cast into level 2 of the Abyss (a wizard)
 10264 | Abyss:2  | Noticed a bone dragon
 10280 | Abyss:2  | Noticed an angel
 10298 | Abyss:2  | HP: 4/92 [angel/+3 sacred scourge of holy wrath (12)]
 10306 | Abyss:2  | Killed a bone dragon
 10308 | Abyss:2  | Killed an angel
 10343 | Abyss:2  | Noticed a bone dragon
 10378 | Abyss:2  | Gained mutation: You have hidden genetic potential. [a
                  | neqoxec]
 10422 | Abyss:2  | Reached skill level 14 in Hexes
 10498 | Abyss:2  | Reached skill level 1 in Ice Magic
 10567 | Abyss:2  | Noticed a starcursed mass
 10594 | Abyss:2  | Killed a starcursed mass
 10595 | Abyss:2  | Reached skill level 1 in Conjurations
 10595 | Abyss:2  | Killed a starcursed mass
 10924 | Abyss:2  | Noticed a starcursed mass
 11069 | Abyss:2  | Reached XP level 13. HP: 76/101 MP: 15/25
 11072 | Abyss:2  | Noticed a lich
 11117 | Abyss:2  | Noticed a cacodemon
 11120 | Abyss:2  | Gained mutation: Your spells are a little easier to cast,
                  | but a little less powerful. [a cacodemon]
 11123 | Abyss:2  | Gained mutation: You are strong-willed. (Will+) [a
                  | cacodemon]
 11128 | Abyss:2  | Lost mutation: Your spells are a little easier to cast, but
                  | a little less powerful. [a neqoxec]
 11138 | Abyss:2  | Noticed a tentacled starspawn
 11315 | Abyss:2  | Noticed an ancient lich
 11345 | Abyss:2  | HP: 4/100 [ancient lich/bolt of acid (16)]
 11346 | Abyss:2  | Killed from afar by an ancient lich

Illustrated notes

Levels and vault maps discovered:
D:1:      dpeg_arrival_more_subterranean_lakeside_camping, layout_basic,
          chequers_ecumenical_altar_island, minmay_tetromino_i4
D:2:      layout_rooms, minmay_misc_feat_five, hangedman_decor_diamond_cutter,
          uniq_robin, uniq_sigmund
D:3:      layout_loops_ring, serial_shops, nicolae_shop_behind_doors,
          kennysheep_boxes, uniq_crazy_yiuf_cottage, uniq_terence
D:4:      layout_basic
D:5:      layout_basic, minmay_temple_entry_statues, serial_corexii_hall,
          chequers_hall_statues_wall_a, corexii_hall_statues_i,
          corexii_hall_statues_deadend, uniq_duvessa
D:6:      layout_loops_corners, kennysheep_mini, uniq_edmund
D:7:      layout_rooms, kennysheep_little_box, uniq_menkaure
D:8:      layout_basic, nicolae_sif_muna_condensation,
          mainiacjoe_overflow_catwalk, enter_bailey_8, kennysheep_doodads,
          glass_columns_b, minmay_nine_imps, uniq_psyche
D:9:      layout_long_grid, orc_0_dummy, uniq_joseph
D:10:     minmay_smoke_and_mirrors, layout_basic, grunt_dithmenos_smoke,
          overflow_temple_1_default, lair_entry_dummy,
          nicolae_figureground_pulse, uniq_amaemon
Temple:   kb_temple_of_zot
Abyss:2:  base: Temple, guppyfry_abyss_exit_imp_island, minivault_24,
          evilmike_abyss_exit_8

Skill      XL: |  1  2  3  4  5  6  7  8  9 10 11 12 13 |
---------------+----------------------------------------+-----
Fighting       | 1 2 3 4 5 7 9 |  9.5
Hexes          | 5 6 7 8 10 12 14 | 14.0
Stealth        | 5 6 7 8 |  8.0
Short Blades   | 2 3 4 5 6 9 10 | 10.0
Dodging        | 3 4 5 |  5.8
Spellcasting   | 3 4 5 6 7 8 |  8.2
Armour         | 1 3 4 5 6 7 8 |  8.1
Ice Magic      | 3 |  3.8
Conjurations   | 2 |  2.8

Action                   |  1- 3 |  4- 6 |  7- 9 | 10-12 | 13-15 || total
-------------------------+-------+-------+-------+-------+-------++-------
Melee: Dagger            |   130 |    68 |   283 |   378 |    79 ||   938
       Bite              |    14 |     3 |    42 |    55 |    18 ||   132
 Cast: Ensorcelled Hiber |    30 |    14 |    26 |    51 |    10 ||   131
       Confusing Touch   |       |       |     3 |    32 |     9 ||    44
       Tukima's Dance    |       |       |       |     1 |       ||     1
Invok: Potion Petition   |       |       |       |     3 |     1 ||     4
Evoke: Wand              |       |       |     5 |     4 |       ||     9
  Use: Scroll            |       |     4 |     6 |    12 |     1 ||    23
       Potion            |       |       |       |     5 |     5 ||    10
 Stab: Sleeping          |    24 |    25 |    18 |    37 |     6 ||   110
       Confused          |       |       |     1 |    32 |     5 ||    38
       Distracted        |       |       |     1 |     1 |       ||     2
       Invisible         |       |       |       |     2 |     1 ||     3
       Paralysed         |       |       |       |       |     1 ||     1
Armor: Robe              |    26 |     6 |       |       |       ||    32
       Leather armour    |       |     3 |     3 |       |       ||     6
       Scale mail        |       |       |   101 |   105 |    46 ||   252
Dodge: Dodged            |    97 |    22 |   145 |   150 |    48 ||   462

Table legend: (Time is in decaauts)
 A = Elapsed time spent in this place.
 B = Non-inter-level travel time spent in this place.
 C = Inter-level travel time spent in this place.
 D = Time resting spent in this place.
 E = Time spent auto-exploring this place.
 F = Levels seen in this place.
 G = Mean time per level.
                   A        B        C        D        E       F      G
               +--------+--------+--------+--------+--------+-----+--------+
         Total |  10891 |  10641 |    250 |   1645 |   5592 |  13 |  837.8 |
       Dungeon |   8738 |   8531 |    207 |    983 |   5197 |  10 |  873.8 |
        Temple |    103 |     60 |     43 |      0 |     41 |   1 |  103.0 |
         Abyss |   1062 |   1062 |      0 |    253 |    137 |   1 | 1062.0 |
        Bailey |    987 |    987 |      0 |    409 |    217 |   1 |  987.0 |
               +--------+--------+--------+--------+--------+-----+--------+

Top non-repeatable levels by time:
     D:1: 1282 daAuts
     D:8: 1134 daAuts
     D:4: 1107 daAuts
 Abyss:2: 1062 daAuts
  Bailey: 987 daAuts
     D:6: 932 daAuts
     D:2: 864 daAuts
     D:3: 786 daAuts
    D:10: 760 daAuts
     D:5: 745 daAuts
     D:9: 721 daAuts
     D:7: 403 daAuts
  Temple: 103 daAuts
